[Event "ICC tourney 2298 (30 10)"]
[Site "Internet Chess Club"]
[Date "2021.01.10"]
[Round "3"]
[White "Kokosnuss1000"]
[Black "inbha"]
[Result "1-0"]
[ICCResult "Black checkmated"]
[WhiteElo "1600"]
[BlackElo "1283"]
[Opening "Three knights game"]
[ECO "C46"]
[NIC "KP.06"]
[Time "15:01:22"]
[PlyCount "51"]
[TimeControl "1800+10"]

1. e4 e5 2. Nf3 Nc6 3. Nc3 Bc5 4. Nxe5 Nxe5 5. d4 Nc6 6. dxc5 Nf6 7. Bg5 h6
8. Bh4 O-O 9. f4 Qe7 10. Be2 Qxc5 11. Bxf6 gxf6 12. Bg4 Re8 13. Bf5 Qxf5
14. O-O Qg6 15. Rf3 Kh7 16. Rg3 Qxg3 17. hxg3 Rg8 18. Qd5 Rg7 19. Kf2 d6
20. Rh1 Ne7 21. Qh5 Ng8 22. Nd5 c6 23. Nxf6+ Kh8 24. Qxh6+ Nxh6 25. Rxh6+
Rh7 26. Rxh7# { Black checkmated } 1-0

[Event "ICC tourney 2298 (30 10)"]
[Site "Internet Chess Club"]
[Date "2021.01.10"]
[Round "3"]
[White "MehPlayer"]
[Black "jvihaan"]
[Result "1-0"]
[ICCResult "Black resigns"]
[WhiteElo "1554"]
[BlackElo "1367"]
[Opening "Sicilian: Najdorf, Byrne (English) attack"]
[ECO "B90"]
[NIC "SI.14"]
[Time "15:01:23"]
[PlyCount "85"]
[TimeControl "1800+10"]

1. e4 c5 2. Nf3 d6 3. d4 cxd4 4. Nxd4 Nf6 5. Nc3 a6 6. Be3 e5 7. Nb3 Be6 8.
Be2 Nc6 9. Qd2 Be7 10. O-O O-O 11. Rad1 Rc8 12. f4 Qc7 13. f5 Bxb3 14. axb3
b5 15. Bf3 Nb4 16. g4 h6 17. Rf2 Nh7 18. Rg2 Ng5 19. Qf2 Nxc2 20. Nd5 Nxe3
21. Qxe3 Nxf3+ 22. Qxf3 Qc5+ 23. Kh1 Bg5 24. Qg3 Rfd8 25. h4 Bf4 26. Nxf4
exf4 27. Qxf4 d5 28. e5 Qe7 29. f6 Qe6 30. fxg7 Kxg7 31. g5 h5 32. g6 fxg6
33. Qg5 Rf8 34. Qxh5 Rf5 35. Qg4 Rc6 36. h5 Rxe5 37. Qd4 Qh3+ 38. Kg1 Qxh5
39. Rf1 Kg8 40. Qa7 Re8 41. Qf7+ Kh8 42. Qxe8+ Kh7 43. Qxc6 { Black resigns
} 1-0

[Event "ICC tourney 2298 (30 10)"]
[Site "Internet Chess Club"]
[Date "2021.01.10"]
[Round "3"]
[White "loveEdinburgh"]
[Black "UltimateDL"]
[Result "0-1"]
[ICCResult "White checkmated"]
[WhiteElo "1834"]
[BlackElo "1631"]
[Opening "Queen's gambit accepted"]
[ECO "D20"]
[NIC "QG.03"]
[Time "15:02:00"]
[PlyCount "40"]
[TimeControl "1800+10"]

1. d4 d5 2. c4 dxc4 3. e3 e5 4. Bxc4 exd4 5. exd4 Bd6 6. Nf3 Nc6 7. O-O Nf6
8. Re1+ Be7 9. Nc3 O-O 10. h3 Bf5 11. a3 Bd6 12. Bg5 h6 13. Be3 a6 14. Rc1
Re8 15. Ba2 Qd7 16. Na4 Bxh3 17. gxh3 Qxh3 18. Nc5 Rad8 19. Nxb7 Re4 20.
Nxd8 Rg4# { White checkmated } 0-1

[Event "ICC tourney 2298 (30 10)"]
[Site "Internet Chess Club"]
[Date "2021.01.10"]
[Round "3"]
[White "JoRDy2025"]
[Black "SuperBlueSky"]
[Result "0-1"]
[ICCResult "White checkmated"]
[WhiteElo "1420"]
[BlackElo "1562"]
[Opening "Giuoco Piano"]
[ECO "C54"]
[NIC "IG.02"]
[Time "15:01:28"]
[PlyCount "78"]
[TimeControl "1800+10"]

1. e4 e5 2. Nf3 Nc6 3. Bc4 Bc5 4. c3 Nf6 5. d3 d6 6. Nbd2 a6 7. b4 Ba7 8.
Bb3 O-O 9. O-O Be6 10. Bc2 Qd7 11. h3 Ne8 12. Re1 f5 13. exf5 Bxf5 14. Ne4
Bxe4 15. dxe4 Nf6 16. Bg5 h6 17. Bh4 g5 18. Bg3 g4 19. hxg4 Qxg4 20. Nh4
Qxg3 21. Bb3+ Kh8 22. Nf5 Bxf2+ 23. Kf1 Nxe4 24. Rxe4 Rxf5 25. Ke2 Qxg2 26.
Qd3 Bg3+ 27. Kd1 Rf1+ 28. Qxf1 Qxf1+ 29. Kd2 Qxa1 30. Rg4 Bf4+ 31. Ke2 Qb2+
32. Kf3 Qxc3+ 33. Kf2 Qe3+ 34. Kf1 Qf3+ 35. Ke1 Qxg4 36. Bd1 Qg2 37. a4 Be3
38. Bf3 Qf2+ 39. Kd1 Qd2# { White checkmated } 0-1

[Event "ICC tourney 2298 (30 10)"]
[Site "Internet Chess Club"]
[Date "2021.01.10"]
[Round "3"]
[White "chesslin"]
[Black "weakfish"]
[Result "1-0"]
[ICCResult "Black resigns"]
[WhiteElo "1765"]
[BlackElo "1565"]
[Opening "Queen's pawn, Mason variation"]
[ECO "D00"]
[NIC "QP.08"]
[Time "15:01:26"]
[PlyCount "87"]
[TimeControl "1800+10"]

1. d4 d5 2. Bf4 c6 3. Nd2 Nf6 4. e3 Bf5 5. c4 e6 6. Qb3 Qb6 7. c5 Qxb3 8.
axb3 Nbd7 9. Ngf3 h6 10. h3 Be7 11. b4 O-O 12. b5 cxb5 13. Bxb5 a6 14. Be2
Rac8 15. b4 Ne4 16. Ra3 Nb8 17. O-O Nc6 18. Rb3 f6 19. Nxe4 Bxe4 20. Ra1 g5
21. Bh2 Kh7 22. Nd2 Bg6 23. b5 axb5 24. Rxb5 Nd8 25. Ra7 Rf7 26. Nb3 f5 27.
Be5 Bf6 28. Bxf6 Rxf6 29. Na5 Rc7 30. Rb6 Rff7 31. Bb5 Rfe7 32. Ra8 Nf7 33.
f4 h5 34. Rb8 g4 35. R6xb7 gxh3 36. gxh3 Nh6 37. Rxc7 Rxc7 38. Rb7 Rxb7 39.
Nxb7 Ng8 40. Bd7 Bf7 41. Nd8 Kg7 42. c6 Kf8 43. c7 Ne7 44. Nc6 { Black
resigns } 1-0

[Event "ICC tourney 2298 (30 10)"]
[Site "Internet Chess Club"]
[Date "2021.01.10"]
[Round "3"]
[White "kevinsun"]
[Black "APBrain"]
[Result "0-1"]
[ICCResult "White resigns"]
[WhiteElo "1213"]
[BlackElo "1639"]
[Opening "Sicilian: closed, 2...Nc6"]
[ECO "B23"]
[NIC "SI.44"]
[Time "15:01:22"]
[PlyCount "58"]
[TimeControl "1800+10"]

1. e4 c5 2. Nc3 Nc6 3. Bb5 g6 4. f4 Bg7 5. Nf3 e6 6. O-O Nge7 7. d3 O-O 8.
Qe1 a6 9. Ba4 b5 10. Bb3 d5 11. a3 d4 12. Ne2 Qb6 13. Qh4 c4 14. Ba2 f5 15.
e5 Nd5 16. Kh1 cxd3 17. cxd3 Nc7 18. b4 Bb7 19. Bb2 Rad8 20. Qf2 Rd7 21.
Nexd4 Re8 22. Rac1 Nd5 23. Nxc6 Qxf2 24. Rxf2 Nxf4 25. Rd2 Rxd3 26. Na5
Bxf3 27. gxf3 Rxd2 28. Rb1 Nd3 29. Bxe6+ Rxe6 { White resigns } 0-1

[Event "ICC tourney 2298 (30 10)"]
[Site "Internet Chess Club"]
[Date "2021.01.10"]
[Round "3"]
[White "mnm2"]
[Black "awakeprize"]
[Result "1-0"]
[ICCResult "Black checkmated"]
[WhiteElo "1526"]
[BlackElo "1470"]
[Opening "Sicilian defense"]
[ECO "B32"]
[NIC "SI.32"]
[Time "15:02:14"]
[PlyCount "79"]
[TimeControl "1800+10"]

1. e4 c5 2. Nf3 Nc6 3. d4 cxd4 4. Nxd4 d6 5. Be3 Nf6 6. f3 g6 7. c4 Bg7 8.
Nc3 O-O 9. Be2 Bd7 10. O-O Rc8 11. Rc1 Ne5 12. b3 Re8 13. Qd2 Nc6 14. Rfd1
Nxd4 15. Bxd4 b6 16. Be3 Bc6 17. Nd5 Nxd5 18. cxd5 Bd7 19. a4 Rc7 20. Rxc7
Qxc7 21. Rc1 Qb7 22. Bb5 Bxb5 23. axb5 Rc8 24. Rc6 Rxc6 25. bxc6 Qc7 26.
Qa2 h5 27. Qa6 e6 28. Qb7 Qxb7 29. cxb7 exd5 30. b8=Q+ Kh7 31. Qxd6 dxe4
32. fxe4 g5 33. Bxg5 Bd4+ 34. Qxd4 h4 35. Bxh4 f5 36. exf5 b5 37. Qxa7+ Kg8
38. f6 Kf8 39. Qg7+ Ke8 40. Qe7# { Black checkmated } 1-0

[Event "ICC tourney 2298 (30 10)"]
[Site "Internet Chess Club"]
[Date "2021.01.10"]
[Round "3"]
[White "GAJones"]
[Black "SunnyCountry"]
[Result "1-0"]
[ICCResult "Black checkmated"]
[WhiteElo "1514"]
[BlackElo "1348"]
[Opening "Queen's bishop game"]
[ECO "D02"]
[NIC "QP.08"]
[Time "15:01:27"]
[PlyCount "59"]
[TimeControl "1800+10"]

1. d4 d5 2. Nf3 Nf6 3. Bf4 e6 4. e3 c5 5. c3 Nc6 6. Bd3 Bd6 7. Bg3 b6 8.
Nbd2 Bb7 9. Ne5 Qc7 10. f4 a6 11. O-O O-O 12. h3 Nd7 13. Ndf3 f6 14. Ng4
Rae8 15. Bh2 e5 16. fxe5 fxe5 17. dxe5 Ncxe5 18. Ngxe5 Nxe5 19. Nxe5 Bxe5
20. Rxf8+ Rxf8 21. Bxe5 Qxe5 22. Qe2 b5 23. Re1 Re8 24. a3 h6 25. Qg4 Qe6
26. Bf5 Qf6 27. Rf1 Qe7 28. Qg6 Qxe3+ 29. Kh1 Qg5 30. Qxe8# { Black
checkmated } 1-0

[Event "ICC tourney 2298 (30 10)"]
[Site "Internet Chess Club"]
[Date "2021.01.10"]
[Round "3"]
[White "solveur"]
[Black "tidalwave09"]
[Result "0-1"]
[ICCResult "White resigns"]
[WhiteElo "1435"]
[BlackElo "1600"]
[Opening "QGD semi-Slav: Chigorin defense"]
[ECO "D45"]
[NIC "SL.08"]
[Time "15:01:34"]
[PlyCount "80"]
[TimeControl "1800+10"]

1. d4 d5 2. c4 c6 3. e3 Nf6 4. Nc3 e6 5. Nf3 Bd6 6. Bd3 Nbd7 7. O-O O-O 8.
cxd5 Nxd5 9. e4 Nxc3 10. bxc3 e5 11. Bg5 f6 12. Be3 exd4 13. cxd4 c5 14.
Rc1 cxd4 15. Bxd4 Ne5 16. Bxe5 fxe5 17. Qb3+ Kh8 18. Be2 Bg4 19. Rfd1 Qe7
20. h3 Bh5 21. Rb1 b6 22. Rd2 Bxf3 23. Bxf3 Bc5 24. Rbd1 Qg5 25. Rd7 Bd4
26. Qd5 Rae8 27. Kf1 Qh4 28. Rd2 Qf4 29. Rc2 Qh2 30. Qb7 Qh1+ 31. Ke2 Qg1
32. Rxg7 Qxf2+ 33. Kd1 Qg1+ 34. Ke2 Qe3+ 35. Kd1 Qd3+ 36. Kc1 Be3+ 37. Kb1
Qb5+ 38. Rb2 Qf1+ 39. Kc2 Rc8+ 40. Rc7 Rxc7+ { White resigns } 0-1

[Event "ICC tourney 2298 (30 10)"]
[Site "Internet Chess Club"]
[Date "2021.01.10"]
[Round "3"]
[White "blackjack721"]
[Black "blueocean07"]
[Result "0-1"]
[ICCResult "White checkmated"]
[WhiteElo "1454"]
[BlackElo "1605"]
[Opening "Sicilian defense"]
[ECO "B30"]
[NIC "SI.31"]
[Time "15:01:36"]
[PlyCount "84"]
[TimeControl "1800+10"]

1. e4 c5 2. Nf3 Nc6 3. c3 d5 4. e5 Bg4 5. d4 cxd4 6. cxd4 Bxf3 7. gxf3 e6
8. Nc3 Bb4 9. Qd3 Nge7 10. Bg5 Qb6 11. Rd1 Nf5 12. Be3 Ba5 13. Bh3 Qxb2 14.
Rc1 Nfxd4 15. O-O Bxc3 16. Bxd4 Bxd4 17. Rc2 Qb6 18. f4 Nb4 19. Qd1 Nxc2
20. Qxc2 O-O 21. f5 Rac8 22. Qd3 Rc3 23. Qe2 Rxh3 24. Qg4 Rh6 25. h4 exf5
26. Qxf5 Rxh4 27. Kg2 Qh6 28. f4 Rh2+ 29. Kf3 Qh4 30. Qg5 Rf2+ 31. Rxf2
Qxf2+ 32. Kg4 f6 33. exf6 Rxf6 34. Qxd5+ Rf7 35. Qd8+ Rf8 36. Qd5+ Kh8 37.
f5 Be3 38. Qe5 Qg2+ 39. Kh4 Bg5+ 40. Kh5 Bf6 41. Qe3 g6+ 42. fxg6 Qxg6# {
White checkmated } 0-1

[Event "ICC tourney 2298 (30 10)"]
[Site "Internet Chess Club"]
[Date "2021.01.10"]
[Round "3"]
[White "Fischeresque930"]
[Black "couchpotato26"]
[Result "1/2-1/2"]
[ICCResult "Game drawn by mutual agreement"]
[WhiteElo "1776"]
[BlackElo "1827"]
[Opening "English: Bremen, reverse dragon"]
[ECO "A22"]
[NIC "EO.10"]
[Time "15:01:30"]
[PlyCount "92"]
[TimeControl "1800+10"]

1. c4 e5 2. Nc3 Nf6 3. g3 d5 4. cxd5 Nxd5 5. Bg2 Be6 6. Nf3 Nc6 7. O-O Be7
8. d3 Qd7 9. a3 O-O-O 10. Bd2 h5 11. h4 f6 12. b4 Rdg8 13. b5 Nd4 14. Nxd4
exd4 15. Nxd5 Bxd5 16. Bxd5 Qxd5 17. Qa4 Kb8 18. Qc4 Qxc4 19. dxc4 g5 20.
hxg5 fxg5 21. Bb4 Bxb4 22. axb4 h4 23. Kh2 Re8 24. Rfe1 h3 25. Rad1 Rd8 26.
g4 Rh4 27. f3 a6 28. bxa6 bxa6 29. Rd3 Kc8 30. e3 dxe3 31. Rxd8+ Kxd8 32.
Rxe3 Kd7 33. Re5 Rh6 34. Rxg5 Rf6 35. Kg3 h2 36. Rh5 Rb6 37. Kxh2 Rxb4 38.
Ra5 Rxc4 39. Rxa6 c5 40. Ra2 Rf4 41. Kg3 Rf6 42. f4 Rc6 43. f5 c4 44. Kf4
c3 45. Rc2 Rc4+ 46. Kg5 Ke7 { Game drawn by mutual agreement } 1/2-1/2

[Event "ICC tourney 2298 (30 10)"]
[Site "Internet Chess Club"]
[Date "2021.01.10"]
[Round "3"]
[White "akshajp"]
[Black "AbruptFir"]
[Result "1/2-1/2"]
[ICCResult "Game drawn by mutual agreement"]
[WhiteElo "1389"]
[BlackElo "1520"]
[Opening "Queen's pawn: Chigorin variation"]
[ECO "D00"]
[NIC "QP.08"]
[Time "15:01:47"]
[PlyCount "70"]
[TimeControl "1800+10"]

1. d4 d5 2. Nc3 c6 3. Bf4 Nf6 4. f3 e6 5. a3 Bd6 6. Bxd6 Qxd6 7. e4 dxe4 8.
fxe4 Qd8 9. Nf3 Nbd7 10. Bd3 O-O 11. O-O Ng4 12. Qe2 e5 13. dxe5 Ngxe5 14.
Kh1 Nxd3 15. Qxd3 Nc5 16. Qe3 Qe7 17. Nd4 f5 18. Rae1 fxe4 19. Rxf8+ Qxf8
20. Nxe4 Nxe4 21. Qxe4 Bd7 22. Qd3 Qd6 23. Qc4+ Qd5 24. Qxd5+ cxd5 25. Kg1
Re8 26. Rxe8+ Bxe8 27. Kf2 Kf7 28. Kf3 Kf6 29. c3 Ke5 30. g3 Bg6 31. Ke3
Be4 32. Nb3 b6 33. Nd4 a6 34. Nc6+ Kd6 35. Nd4 b5 { Game drawn by mutual
agreement } 1/2-1/2

[Event "ICC tourney 2298 (30 10)"]
[Site "Internet Chess Club"]
[Date "2021.01.10"]
[Round "3"]
[White "ZYCON"]
[Black "RishiMurali"]
[Result "0-1"]
[ICCResult "White resigns"]
[WhiteElo "1385"]
[BlackElo "1763"]
[Opening "QGD: Semi-Tarrasch, 5.cd"]
[ECO "D41"]
[NIC "TD.06"]
[Time "15:01:18"]
[PlyCount "94"]
[TimeControl "1800+10"]

1. d4 Nf6 2. c4 e6 3. Nf3 d5 4. Nc3 c5 5. cxd5 exd5 6. e3 Nc6 7. Be2 Bf5 8.
O-O cxd4 9. exd4 Be7 10. Bf4 O-O 11. Rc1 Re8 12. Re1 Bb4 13. a3 Ba5 14. Ne5
Nxe5 15. dxe5 Ne4 16. b4 Bb6 17. Nxe4 Bxe4 18. Bf3 Bxf3 19. Qxf3 Qd7 20.
Red1 d4 21. h3 Rac8 22. Qd3 h6 23. Kh2 Qa4 24. Qg3 Rc6 25. Rxc6 Qxc6 26.
Rc1 Qe6 27. Qd3 Qg6 28. Qxg6 fxg6 29. Rd1 g5 30. Bg3 h5 31. Kg1 h4 32. Bh2
Rd8 33. Kf1 Kf7 34. g3 Ke6 35. g4 Kd5 36. Ke2 Kc4 37. Rd3 Re8 38. f4 gxf4
39. Bxf4 Bc7 40. Kd2 Bxe5 41. Bg5 Bg3 42. Rf3 Be1+ 43. Kd1 d3 44. Rf7 Bg3
45. Bd2 Re2 46. Rxb7 Rh2 47. Bg5 Kc3 { White resigns } 0-1

[Event "ICC tourney 2298 (30 10)"]
[Site "Internet Chess Club"]
[Date "2021.01.10"]
[Round "3"]
[White "babu12020"]
[Black "tn285"]
[Result "1-0"]
[ICCResult "Black resigns"]
[WhiteElo "1860"]
[BlackElo "1637"]
[Opening "Queen's pawn: London system"]
[ECO "A45"]
[NIC "QP.07"]
[Time "15:01:21"]
[PlyCount "121"]
[TimeControl "1800+10"]

1. d4 Nf6 2. Bf4 d5 3. e3 e6 4. Bd3 Be7 5. Nf3 O-O 6. Nbd2 b6 7. Qe2 Bb7 8.
O-O Nbd7 9. c3 c5 10. Rad1 Rc8 11. h3 Re8 12. Ne5 Nxe5 13. dxe5 Nd7 14. Qh5
g6 15. Qg4 Nf8 16. Nf3 f6 17. exf6 Bxf6 18. Qg3 a6 19. h4 Qe7 20. h5 e5 21.
hxg6 e4 22. gxh7+ Kxh7 23. Bc2 Ne6 24. Be5 Bxe5 25. Qxe5 Kg8 26. Nh2 Qg5
27. Qd6 Rc6 28. Qxd5 Qxd5 29. Rxd5 Ng7 30. Rfd1 b5 31. Rd8 Rc8 32. Rxc8
Bxc8 33. Nf1 Nh5 34. Rd5 Nf6 35. Rxc5 Kf7 36. Ng3 Bb7 37. Rc7+ Re7 38.
Rxe7+ Kxe7 39. Nf5+ Ke6 40. Nd4+ Kd6 41. Kh2 Ke5 42. Kg3 Nh5+ 43. Kh4 Nf6
44. Kg5 Nh7+ 45. Kg6 Nf6 46. f4+ exf3 47. gxf3 Nd5 48. f4+ Nxf4+ 49. exf4+
Kxf4 50. Ne6+ Ke3 51. Nc5 Bc8 52. Bf5 Bxf5+ 53. Kxf5 a5 54. Ke5 Kd2 55. Kd4
Kc2 56. Nd3 a4 57. c4 b4 58. c5 a3 59. bxa3 bxa3 60. Kc4 Kb1 61. Nb4 {
Black resigns } 1-0

[Event "ICC tourney 2298 (30 10)"]
[Site "Internet Chess Club"]
[Date "2021.01.10"]
[Round "3"]
[White "atharvamchess"]
[Black "Kyriakos1301"]
[Result "0-1"]
[ICCResult "White checkmated"]
[WhiteElo "1476"]
[BlackElo "1550"]
[Opening "Queen's pawn"]
[ECO "A40"]
[NIC "QO.17"]
[Time "15:01:20"]
[PlyCount "92"]
[TimeControl "1800+10"]

1. d4 e6 2. Bf4 Nf6 3. e3 c5 4. c3 Be7 5. Bd3 O-O 6. Nf3 b6 7. O-O Bb7 8.
Nbd2 Nh5 9. Bg3 Nxg3 10. hxg3 cxd4 11. exd4 d6 12. Qc2 h6 13. Rfe1 Nd7 14.
a4 Nf6 15. Ra2 Rc8 16. Rea1 Nd5 17. Qb3 a6 18. c4 Nf6 19. a5 b5 20. cxb5
Bd5 21. Bc4 axb5 22. Bxd5 Nxd5 23. Qxb5 Rb8 24. Qe2 Nb4 25. Ra4 Nc2 26. Rb1
Qd7 27. Rc4 Qb5 28. Nf1 Na3 29. Rbc1 Nxc4 30. Qxc4 Qxa5 31. Rb1 d5 32. Qd3
Bf6 33. Ne5 Qb5 34. Qe3 Bxe5 35. Qxe5 Qd3 36. Rc1 Rxb2 37. Rc7 Rb1 38. Kh2
Qxf1 39. g4 Qh1+ 40. Kg3 Qe1 41. Qd6 Qb4 42. Qe5 Rb3+ 43. Kh2 Rd3 44. g5
Qxd4 45. Qd6 Qh4+ 46. Kg1 Rd1# { White checkmated } 0-1

[Event "ICC tourney 2298 (30 10)"]
[Site "Internet Chess Club"]
[Date "2021.01.10"]
[Round "3"]
[White "aachess4321"]
[Black "SoaringHawk24"]
[Result "1-0"]
[ICCResult "Black checkmated"]
[WhiteElo "1246"]
[BlackElo "1440"]
[Opening "Ruy Lopez: closed, Flohr-Zaitsev system (Lenzerheide variation)"]
[ECO "C92"]
[NIC "RL.26"]
[Time "15:01:20"]
[PlyCount "121"]
[TimeControl "1800+10"]

1. e4 e5 2. Nf3 Nc6 3. Bb5 a6 4. Ba4 Nf6 5. O-O b5 6. Bb3 Be7 7. Re1 d6 8.
h3 O-O 9. c3 Bb7 10. d4 h6 11. Nbd2 Qd7 12. a4 b4 13. d5 Na7 14. cxb4 Nc8
15. Nc4 Nb6 16. Nxb6 cxb6 17. Qd3 a5 18. bxa5 bxa5 19. Bc4 Qc7 20. Be3 Rfc8
21. Rac1 Qd8 22. Qb3 Ba6 23. Bxa6 Rxa6 24. Qb7 Raa8 25. Bb6 Qe8 26. Rxc8
Rxc8 27. Bxa5 Rb8 28. Qc6 Rxb2 29. Qxe8+ Nxe8 30. Bd2 Ra2 31. a5 Nf6 32.
Bc3 Ra3 33. Bb4 Ra4 34. Nxe5 Rxb4 35. Nc6 Ra4 36. Nxe7+ Kh7 37. Nc6 Nxe4
38. a6 Nf6 39. a7 Nxd5 40. Re8 Nc7 41. Rc8 d5 42. Rxc7 d4 43. Nxd4 Kg6 44.
Nc6 Kf5 45. Rc8 Ke6 46. a8=Q Rxa8 47. Rxa8 Kd6 48. Nd4 Kd5 49. Rd8+ Ke5 50.
Kf1 f5 51. Ke2 f4 52. Kf3 g5 53. g3 g4+ 54. hxg4 fxg3 55. fxg3 h5 56. gxh5
Kf6 57. Kf4 Kg7 58. Kg5 Kh7 59. Rd7+ Kh8 60. Kg6 Kg8 61. Rd8# { Black
checkmated } 1-0

[Event "ICC tourney 2298 (30 10)"]
[Site "Internet Chess Club"]
[Date "2021.01.10"]
[Round "3"]
[White "muzikmixer"]
[Black "vober6"]
[Result "0-1"]
[ICCResult "White resigns"]
[WhiteElo "1633"]
[BlackElo "1876"]
[Opening "Réti: old Indian attack"]
[ECO "A00"]
[NIC "VO.13"]
[Time "15:01:26"]
[PlyCount "104"]
[TimeControl "1800+10"]

1. d3 d5 2. Nf3 Nf6 3. c3 c6 4. Bg5 e6 5. e3 h6 6. Bh4 Be7 7. Be2 Nbd7 8.
Nbd2 O-O 9. Bxf6 Bxf6 10. d4 e5 11. dxe5 Nxe5 12. Nxe5 Bxe5 13. Nf3 Bc7 14.
Qd4 a5 15. O-O-O Be6 16. Qh4 Qxh4 17. Nxh4 Rfe8 18. Bd3 g6 19. Nf3 Kg7 20.
Rdg1 b5 21. Nd4 Bd7 22. g4 b4 23. c4 c5 24. Nb5 Bxb5 25. cxb5 c4 26. Be2
Rab8 27. b6 Bxb6 28. Bf3 d4 29. exd4 Bxd4 30. Rd1 Bxf2 31. Rd7 Be3+ 32. Kb1
Rbd8 33. Rxd8 Rxd8 34. Rd1 Rxd1+ 35. Bxd1 f5 36. gxf5 gxf5 37. Kc2 Bd4 38.
Be2 c3 39. bxc3 bxc3 40. Bh5 Kf6 41. h4 Ke5 42. Kd3 Kf4 43. Bd1 Bf6 44. Kc4
Ke3 45. h5 Kd2 46. Bb3 c2 47. Bxc2 Kxc2 48. a4 f4 49. Kd5 f3 50. Ke6 Bg5
51. Kf7 f2 52. Kg6 f1=Q { White resigns } 0-1

[Event "ICC tourney 2298 (30 10)"]
[Site "Internet Chess Club"]
[Date "2021.01.10"]
[Round "3"]
[White "hemtej-g"]
[Black "wulovechess"]
[Result "0-1"]
[ICCResult "White resigns"]
[WhiteElo "1562"]
[BlackElo "1617"]
[Opening "Queen's gambit declined"]
[ECO "D30"]
[NIC "QP.08"]
[Time "15:01:27"]
[PlyCount "122"]
[TimeControl "1800+10"]

1. d4 d5 2. c4 e6 3. e3 Nf6 4. Nc3 Nbd7 5. Nf3 c5 6. b3 Bd6 7. Be2 O-O 8.
O-O Qc7 9. Nb5 Qc6 10. Nxd6 Qxd6 11. Ba3 b6 12. Rc1 Bb7 13. h3 Rac8 14. Re1
Ne4 15. Nd2 f5 16. Nxe4 fxe4 17. Bg4 Nf6 18. dxc5 bxc5 19. Bb2 Nxg4 20.
Qxg4 Qe7 21. Re2 Rf5 22. Rd2 Rg5 23. Qe2 Ba6 24. Qd1 Bb7 25. Qc2 Qd6 26.
Ba3 Qe7 27. cxd5 Bxd5 28. Bxc5 Qf7 29. Qd1 Qg6 30. g3 Qh6 31. Be7 Rxc1 32.
Qxc1 Rf5 33. Qc8+ Kf7 34. Qf8+ Kg6 35. Qe8+ Rf7 36. Bh4 Qh5 37. Qd8 Kh6 38.
Bg5+ Qxg5 39. Qxg5+ Kxg5 40. h4+ Kg4 41. Kg2 Rf3 42. Rc2 g5 43. hxg5 Kxg5
44. Rc7 h5 45. Rxa7 h4 46. gxh4+ Kxh4 47. b4 Rf5 48. a4 Rg5+ 49. Kf1 Kh3
50. b5 Bc4+ 51. Ke1 Rg1+ 52. Kd2 Rg2 53. Rh7+ Kg4 54. Rg7+ Kf3 55. Rxg2
Kxg2 56. b6 Ba6 57. a5 Bb7 58. Ke2 e5 59. Ke1 Ba6 60. f4 exf3 61. e4 f2+ {
White resigns } 0-1

[Event "ICC tourney 2298 (30 10)"]
[Site "Internet Chess Club"]
[Date "2021.01.10"]
[Round "3"]
[White "GrandWizard"]
[Black "tricksterssbu"]
[Result "1-0"]
[ICCResult "Black resigns"]
[WhiteElo "1806"]
[BlackElo "1631"]
[Opening "Levitsky attack (Queen's bishop attack)"]
[ECO "D00"]
[NIC "QP.08"]
[Time "15:01:28"]
[PlyCount "85"]
[TimeControl "1800+10"]

1. d4 d5 2. Bg5 c6 3. e3 Nf6 4. Nd2 Bf5 5. Bd3 Bxd3 6. cxd3 Nbd7 7. Ngf3 e6
8. Ne5 Be7 9. Nxd7 Qxd7 10. Nf3 O-O 11. Ne5 Qd8 12. h4 Bb4+ 13. Ke2 h6 14.
Bxf6 gxf6 15. Ng4 Kh7 16. e4 f5 17. exf5 exf5 18. Ne5 f6 19. Nf3 Re8+ 20.
Kf1 Qd7 21. a3 Bd6 22. Qd2 Qg7 23. Re1 Qg4 24. Rh3 Rg8 25. Rg3 Bxg3 26.
Re7+ Rg7 27. Rxg7+ Qxg7 28. fxg3 Re8 29. Qf4 Qd7 30. h5 Rg8 31. Nh4 Rg4 32.
Qb8 Rxd4 33. Ng6 Qg7 34. Nf8+ Kh8 35. Ne6+ Qg8 36. Qxg8+ Kxg8 37. Nxd4 Kf7
38. Nxf5 Ke6 39. Nxh6 f5 40. g4 fxg4 41. Nxg4 Kf5 42. h6 Kg6 43. Ke2 {
Black resigns } 1-0

[Event "ICC tourney 2298 (30 10)"]
[Site "Internet Chess Club"]
[Date "2021.01.10"]
[Round "3"]
[White "PStricker"]
[Black "jvinamra"]
[Result "1-0"]
[ICCResult "Black resigns"]
[WhiteElo "1519"]
[BlackElo "1292"]
[Opening "QGD: Tartakower (Makagonov-Bondarevsky) system"]
[ECO "D58"]
[NIC "QO.10"]
[Time "15:01:27"]
[PlyCount "103"]
[TimeControl "1800+10"]

1. d4 Nf6 2. c4 e6 3. Nf3 d5 4. Nc3 Be7 5. Bg5 h6 6. Bh4 O-O 7. e3 b6 8.
Bd3 Nbd7 9. O-O c5 10. Rc1 Bb7 11. Re1 Rc8 12. Qa4 Ra8 13. cxd5 Nxd5 14.
Nxd5 Bxh4 15. Nxh4 Bxd5 16. e4 Bxa2 17. Nf3 cxd4 18. Qxa2 Nc5 19. Qc4 Rc8
20. b4 Na4 21. Qxc8 Qxc8 22. Rxc8 Rxc8 23. Ra1 Nb2 24. Ba6 Rd8 25. Rc1 d3
26. Rc8 Rxc8 27. Bxc8 Nc4 28. Kf1 d2 29. Ke2 Kf8 30. Nxd2 Nxd2 31. Kxd2 Ke7
32. Kd3 Kd6 33. Kd4 f6 34. f4 e5+ 35. fxe5+ fxe5+ 36. Kc4 Kc6 37. b5+ Kd6
38. Bf5 g5 39. g4 Ke7 40. Kd5 Kf6 41. Kc6 Ke7 42. Kc7 Kf6 43. Kb7 Ke7 44.
Kxa7 Kd8 45. Kxb6 Ke7 46. Kc7 Kf6 47. b6 Ke7 48. b7 Kf6 49. b8=Q Ke7 50.
Qd8+ Kf7 51. Qd7+ Kf8 52. Bg6 { Black resigns } 1-0

[Event "ICC tourney 2298 (30 10)"]
[Site "Internet Chess Club"]
[Date "2021.01.10"]
[Round "3"]
[White "DanielZahzouhi"]
[Black "che2468"]
[Result "1-0"]
[ICCResult "Black checkmated"]
[WhiteElo "1573"]
[BlackElo "1433"]
[Opening "English: symmetrical variation"]
[ECO "A30"]
[NIC "EO.64"]
[Time "15:01:22"]
[PlyCount "129"]
[TimeControl "1800+10"]

1. c4 c5 2. g3 Nc6 3. Bg2 Nf6 4. Nf3 e6 5. O-O Be7 6. Nc3 O-O 7. d4 cxd4 8.
Nxd4 a6 9. a3 Qb6 10. e3 d6 11. b4 Bd7 12. Bb2 Nxd4 13. exd4 Rac8 14. Qd3
Qc7 15. c5 d5 16. f4 a5 17. b5 Be8 18. a4 Nd7 19. b6 Qb8 20. Ba3 Rc6 21.
Nb5 f6 22. Na7 Bg6 23. Qe3 Rfc8 24. Nxc6 Rxc6 25. Bxd5 exd5 26. Qxe7 Nf8
27. Rae1 Be4 28. Rxe4 dxe4 29. Qxe4 Re6 30. Qd3 Qd8 31. d5 Re8 32. Qc4 Ng6
33. d6+ Kh8 34. Qb5 Re4 35. Qxa5 Qe8 36. Qb5 Qd8 37. c6 bxc6 38. Qxc6 Re6
39. Qc7 Qa8 40. b7 Qg8 41. b8=Q Re8 42. Qxe8 Qxe8 43. Bc5 Nf8 44. Qe7 Qc8
45. Qc7 Qe8 46. a5 Nd7 47. a6 Nxc5 48. Qxc5 h6 49. Rd1 Qd7 50. Qc7 Qe8 51.
Qe7 Qb8 52. d7 Qb6+ 53. Kg2 Qc6+ 54. Kh3 Kh7 55. d8=Q f5 56. Qdd7 Qg6 57.
Qxg7+ Qxg7 58. Qxg7+ Kxg7 59. a7 h5 60. a8=Q h4 61. Kxh4 Kg6 62. Rd6+ Kf7
63. Qb7+ Ke8 64. Rc6 Kd8 65. Rc8# { Black checkmated } 1-0

[Event "ICC tourney 2298 (30 10)"]
[Site "Internet Chess Club"]
[Date "2021.01.10"]
[Round "4"]
[White "che2468"]
[Black "Kokosnuss1000"]
[Result "1-0"]
[ICCResult "Black resigns"]
[WhiteElo "1433"]
[BlackElo "1600"]
[Opening "Queen's pawn: Chigorin variation"]
[ECO "D00"]
[NIC "QP.08"]
[Time "17:01:31"]
[PlyCount "53"]
[TimeControl "1800+10"]

1. d4 d5 2. Nc3 Nf6 3. Bf4 e6 4. a3 Be7 5. e3 O-O 6. Bd3 Nbd7 7. Nf3 b6 8.
Nb5 c6 9. Nc3 Bb7 10. O-O Rc8 11. Ne5 Nxe5 12. Bxe5 c5 13. Qf3 c4 14. Be2
a6 15. Qh3 Bd6 16. Bxf6 Qxf6 17. f4 Qg6 18. Rf3 Qxc2 19. Rb1 Bxa3 20. bxa3
Qxc3 21. Rg3 Qc2 22. Re1 Qc3 23. Kf2 f5 24. Qh6 g6 25. Rh3 Kf7 26. Qxh7+
Ke8 27. Qxg6+ { Black resigns } 1-0